 Dungeon Crawl Stone Soup version 0.19.0 (webtiles) character file.

50542 Ryco the Severer (level 14, -3/126 HPs)
             Began as a Minotaur Fighter on Nov 11, 2016.
             Was the Champion of Okawaru.
             Slain by an eight-headed hydra (12 damage)
             ... on level 6 of the Lair of Beasts.
             The game lasted 01:11:05 (9548 turns).

Ryco the Severer (Minotaur Fighter)                 Turns: 9548, Time: 01:11:07

Health: -3/126     AC: 17    Str: 26    XL:     14   Next: 20%
Magic:  18/18      EV: 11    Int:  5    God:    Okawaru [******]
Gold:   700        SH: 13    Dex: 10    Spells: 3 memorised, 6 levels left

rFire  . . .     SeeInvis .     K - +0 morningstar
rCold  + . .     Gourm    .     k - +3 chain mail
rNeg   + . .     Faith    .     A - +2 shield {rPois}
rPois  +         Spirit   .     (helmet restricted)
rElec  .         Reflect  .     s - +0 cloak
rCorr  .         Harm     .     (no gloves)
MR     +....                    (no boots)
Stlth  ..........               j - amulet of regeneration
                                L - ring "Paoraoz" {Wiz *Contam +Blink rC+ rN+}
                                h - +2 ring of slaying

@: no status effects
A: retaliatory headbutt, horns 2, blink
a: Blink, Heroism, Finesse, Renounce Religion, Evoke Blink


You were on level 6 of the Lair of Beasts.
You worshipped Okawaru.
Okawaru was exalted by your worship.
You were hungry.

You visited 4 branches of the dungeon, and saw 21 of its levels.

You collected 1470 gold pieces.
You spent 770 gold pieces at shops.

Inventory:

Hand Weapons
 a - the +1 broad axe of Judgement {chop, rN+++ Dex+7 SInv}
   (Okawaru gifted it to you on level 11 of the Dungeon)

   It inflicts extra damage upon your enemies.
   It affects your dexterity (+7).
   It renders you almost immune to negative energy.
   It lets you see invisible.
 I - the +10 executioner's axe of a wizard's laboratory {antimagic, *Drain +Rage rN+ Int+2}
   (Okawaru gifted it to you on level 2 of the Orcish Mines)

   It reduces the magical energy of the wielder, and disrupts the spells and
   magical abilities of those hit.
   Natural abilities and divine invocations are not affected.
   It affects your intelligence (+2).
   It protects you from negative energy.
   It lets you go berserk.
   It causes draining when unequipped.
 K - a +0 morningstar (weapon)
Missiles
 F - 3 javelins (quivered)
 N - a throwing net
Armour
 k - a +3 chain mail (worn)
 s - a +0 cloak (worn)
 A - a +2 shield of poison resistance (worn)
Rods
 q - a +3 lightning rod (10/10)
   (You found it on level 4 of the Lair of Beasts)
Jewellery
 h - a +2 ring of slaying (left hand)
 j - an amulet of regeneration (around neck)
 n - an uncursed ring of flight
 E - an uncursed ring of protection from magic
 L - the ring "Paoraoz" (right hand) {Wiz *Contam +Blink rC+ rN+}
   (You found it on level 11 of the Dungeon)

   [ring of wizardry]

   It improves your spell success rate.
   It protects you from cold.
   It protects you from negative energy.
   It lets you blink.
   It causes magical contamination when unequipped.
Wands
 w - a wand of polymorph (10/24)
 y - a wand of hasting (5/9)
 B - a wand of flame (1/48)
 H - a wand of lightning (3/15)
 J - a wand of iceblast (6/15)
 R - a wand of polymorph (10/24)
 S - a wand of acid (8/15)
Scrolls
 b - 2 scrolls of magic mapping {unknown}
 c - 4 scrolls of fog {unknown}
 i - 6 scrolls of remove curse
 r - 2 scrolls of noise {unknown}
 t - 3 scrolls of immolation {unknown}
 u - 4 scrolls of enchant weapon {unknown}
 x - 2 scrolls of enchant armour {unknown}
 z - 5 scrolls of amnesia {unknown}
 C - 5 scrolls of teleportation {unknown}
 D - 5 scrolls of recharging {unknown}
 O - a scroll of vulnerability {unknown}
Potions
 d - 3 potions of might
 e - 5 potions of flight
 g - 3 potions of brilliance
 l - 3 potions of cancellation
 m - 9 potions of curing
 o - 3 potions of resistance
 p - a potion of invisibility
 v - a potion of mutation
 G - 4 potions of heal wounds
 M - 2 potions of berserk rage
 Q - a potion of agility
 T - a potion of ambrosia {unknown}
Miscellaneous
 V - a fan of gales
 X - a phantom mirror
 Y - a sack of spiders
Comestibles
 f - 13 bread rations
 P - 3 fruits
 U - 2 meat rations


   Skills:
 + Level 12.2 Fighting
 + Level 18.5 Axes
 * Level 12.6 Armour
 * Level 9.4 Dodging
 - Level 7.6 Shields
 - Level 6.8 Invocations
 + Level 1.0 Evocations


You had 6 spell levels left.
You knew the following spells:

 Your Spells              Type           Power        Failure   Level  Hunger
a - Repel Missiles        Chrm/Air       #.....       100%        2    ###....
b - Blink                 Tloc           N/A          100%        2    ###....
c - Spectral Weapon       Hex/Chrm       #.......     100%        3    ####...


Dungeon Overview and Level Annotations

Branches:
Dungeon (12/15)            Temple (1/1) D:4            Lair (6/6) D:9
 Shoals (0/4) Lair:3       Spider (0/4) Lair:3        Slime (0/5) Lair:5
    Orc (2/2) D:12            Elf (0/3) Orc:2

Altars:
Ashenzari
Cheibriados
Dithmenos
Elyvilon
Fedhas
Gozag
Hepliaklqana
Kikubaaqudgha
Makhleb
Nemelex Xobeh
Okawaru
Qazlal
Ru
Sif Muna
Trog
Uskayaw
Xom
Yredelemnul
Zin
Beogh
Jiyva

Shops:
Orc:2 !(*(


Innate Abilities, Weirdness & Mutations

You reflexively headbutt those who attack you in melee.
You have a pair of horns on your head.
You can translocate small distances at will.


Message History

You block the eight-headed hydra's attack. x2
The eight-headed hydra bites you but does no damage.
The eight-headed hydra closely misses you.
The eight-headed hydra bites you but does no damage.
You blink.
You feel slightly more hungry.
An elephant comes into view.
Found a quarterstaff.
You bludgeon the eight-headed hydra!!
The eight-headed hydra is moderately wounded.
You block the eight-headed hydra's attack.
The eight-headed hydra bites you!
* * * LOW HITPOINT WARNING * * *
The eight-headed hydra bites you!
* * * LOW HITPOINT WARNING * * *
The eight-headed hydra barely misses you.
The eight-headed hydra bites you.
* * * LOW HITPOINT WARNING * * *
The eight-headed hydra bites you but does no damage. x2
The eight-headed hydra bites you!
You die...

..............
......#..P#...........P.
).....................P.
..P....P...PP...P.†#.P..
..P....P.........(......
.PP........#..##...†##..
........................
...........#.....P#.....
......#@.#.PP..#........
P......D...P............
P#........P............#
........................
S#.≈≈.≈.≈≈.≈≈†.†≈.≈≈....
...≈#≈≈##≈≈#≈≈†##P≈##≈≈#
≈P.##≈≈##≈≈##†≈##≈≈##≈†≈
.≈.≈Y≈≈P≈≈≈≈≈≈≈≈≈≈≈≈≈≈≈≈
..≈≈≈≈≈≈≈≈≈≈≈≈≈≈P≈≈≈≈≈≈≈


You could see an eight-headed hydra, an elephant and a water moccasin
(wandering).

Vanquished Creatures
  An orc warlord (Orc:2)
  A dire elephant (Lair:6)
  The ghost of unimpressed the Fighter, a journeyman DrFE of Sif Muna (Lair:2)
  Josephine (Orc:1)
  Erolcha (D:11)
  A hydra (Lair:6)
  Erica (Orc:1)
  A merfolk avatar (Lair:6)
  A centaur warrior (D:12)
  3 death yaks (Lair:5)
  4 orc high priests (Orc:2)
  The ghost of Bregath the Grappler, a novice HOMo of Okawaru (D:8)
  An unseen horror (D:11)
  5 orc knights (Orc:2)
  A lindwurm (Lair:4)
  2 harpies (Lair:6)
  A deep elf mage (D:12)
  5 hill giants
  A wolf spider (Lair:3)
  An orc sorcerer (Orc:2)
  2 ugly things
  4 manticores
  8 elephants (Lair:6)
  Psyche (D:11)
  4 spiny frogs
  2 rime drakes
  A kobold demonologist (D:10)
  3 komodo dragons
  8 trolls
  2 hornets (Lair:6)
  4 polar bears
  7 blink frogs (Lair:4)
  6 two-headed ogres
  3 hippogriffs
  A snapping turtle (Lair:3)
  Sigmund (D:4)
  12 yaks
  2 spriggans
  Eustachio (D:6)
  3 wyverns
  A hungry ghost (D:8)
  3 wraiths (Orc:1)
  A steam dragon (D:10)
  A basilisk (Lair:4)
  Menkaure (D:4)
  5 wargs (Orc:2)
  4 water moccasins
  3 porcupines
  2 ice beasts
  2 eyes of draining (D:10)
  37 orc warriors
  A black bear (Lair:4)
  6 sky beasts
  2 phantoms
  17 ogres
  A necrophage (D:3)
  3 centaurs
  7 wolves
  3 crocodiles
  12 big kobolds
  10 bullfrogs
  A gnoll sergeant (Orc:1)
  A water moccasin skeleton (D:9)
  A scorpion (D:6)
  5 howler monkeys
  8 wights
  6 electric eels
  A bullfrog zombie (D:10)
  2 centaur zombies
  3 crimson imps
  6 hounds
  Crazy Yiuf (D:3)
  28 orc priests
  3 bullfrog skeletons
  Jessica (D:3)
  An iguana (D:12)
  24 orc wizards
  6 worker ants
  A killer bee zombie (D:8)
  2 hound zombies
  2 hound skeletons
  4 gnolls
  11 adders
  3 shadow imps
  An ooze (D:7)
  2 adder zombies (D:6)
  6 worms
  3 dart slugs
  109 orcs
  2 ball pythons
  5 bats
  7 giant cockroaches
  4 goblins
  7 hobgoblins
  5 jackals
  7 quokkas
  7 frilled lizards
  21 kobolds
  A quokka skeleton (D:6)
  5 rats
  2 fungi
546 creatures vanquished.

Vanquished Creatures (others)
  4 plants (Lair:6)
4 creatures vanquished.

Grand Total: 550 creatures vanquished

Notes
Turn   | Place    | Note
-------+----------+-------------------------------------------
     0 | D:1      | Ryco the Minotaur Fighter began the quest for the Orb.
     0 | D:1      | Reached XP level 1. HP: 19/19 MP: 0/0
   100 | D:2      | Reached XP level 2. HP: 10/27 MP: 1/1
   501 | D:1      | Reached skill level 3 in Axes
   602 | D:1      | Reached XP level 3. HP: 33/33 MP: 2/2
  1103 | D:2      | Reached XP level 4. HP: 40/40 MP: 3/3
  1172 | D:3      | Noticed Jessica
  1175 | D:3      | Killed Jessica
  1180 | D:3      | Reached skill level 4 in Axes
  1266 | D:3      | Reached XP level 5. HP: 44/47 MP: 4/4
  1354 | D:3      | Noticed a necrophage
  1364 | D:3      | Killed a necrophage
  1364 | D:3      | Reached skill level 5 in Axes
  1568 | D:3      | Found a runed door.
  1572 | D:3      | Noticed Crazy Yiuf
  1577 | D:3      | Killed Crazy Yiuf
  1819 | D:4      | Reached XP level 6. HP: 53/53 MP: 5/5
  1839 | D:4      | Reached skill level 6 in Axes
  1980 | D:4      | Noticed Sigmund
  1991 | D:4      | Killed Sigmund
  1991 | D:4      | Reached skill level 7 in Axes
  1991 | D:4      | Reached skill level 5 in Shields
  1991 | D:4      | Reached XP level 7. HP: 46/60 MP: 6/6
  2003 | D:4      | Noticed Menkaure
  2006 | D:4      | Killed Menkaure
  2283 | D:4      | Found a staircase to the Ecumenical Temple.
  2293 | Temple   | Entered the Ecumenical Temple
  2506 | D:5      | Entered Level 5 of the Dungeon
  2524 | D:5      | Reached skill level 5 in Fighting
  2524 | D:5      | Reached skill level 8 in Axes
  2541 | D:5      | Learned a level 2 spell: Repel Missiles
  2544 | D:5      | Learned a level 2 spell: Blink
  2556 | D:5      | Found a shadowy altar of Dithmenos.
  2633 | D:4      | Reached skill level 5 in Armour
  2770 | D:5      | Found an iron altar of Okawaru.
  2775 | D:5      | Became a worshipper of Warmaster Okawaru
  2983 | D:6      | Noticed Eustachio
  2997 | D:5      | Reached XP level 8. HP: 62/68 MP: 7/7
  3010 | D:6      | Reached skill level 9 in Axes
  3074 | D:6      | Killed Eustachio
  3077 | D:6      | Reached * piety under Okawaru
  3158 | D:6      | Reached skill level 10 in Axes
  3352 | D:6      | Reached ** piety under Okawaru
  3355 | D:6      | Reached skill level 11 in Axes
  3636 | D:6      | Reached XP level 9. HP: 71/75 MP: 8/8
  3818 | D:7      | Found a snail-covered altar of Cheibriados.
  4056 | D:8      | Reached skill level 12 in Axes
  4114 | D:8      | Noticed Bregath's ghost (novice HOMo)
  4135 | D:8      | Killed Bregath's ghost
  4135 | D:8      | Reached skill level 1 in Invocations
  4280 | D:9      | Found an opulent altar of Gozag.
  4300 | D:9      | Reached *** piety under Okawaru
  4351 | D:9      | Found a staircase to the Lair.
  4461 | D:9      | Reached skill level 13 in Axes
  4511 | D:9      | Reached XP level 10. HP: 84/84 MP: 10/10
  4590 | D:9      | Reached skill level 1 in Dodging
  4693 | D:10     | Entered Level 10 of the Dungeon
  4927 | D:10     | Reached **** piety under Okawaru
  5040 | D:10     | Learned a level 3 spell: Spectral Weapon
  5090 | D:10     | Noticed a hill giant
  5097 | D:10     | Killed a hill giant
  5169 | D:11     | Noticed a hill giant
  5169 | D:11     | Noticed a brown ugly thing
  5186 | D:10     | Killed a brown ugly thing
  5186 | D:10     | Reached skill level 14 in Axes
  5242 | D:10     | Reached ***** piety under Okawaru
  5387 | D:10     | Reached XP level 11. HP: 92/92 MP: 5/13
  5414 | D:10     | Noticed a hill giant
  5422 | D:10     | Killed a hill giant
  5551 | D:11     | Noticed a brown ugly thing
  5569 | D:11     | Killed an unseen horror
  5594 | D:11     | Got a steaming brass ring
  5596 | D:11     | Identified the ring "Paoraoz" {Wiz *Contam +Blink rC+ rN+} (You found it on level 11 of the Dungeon)
  5746 | D:11     | Killed a hill giant
  5746 | D:11     | Reached skill level 15 in Axes
  5871 | D:11     | Noticed Erolcha
  5881 | D:11     | Killed Erolcha
  5881 | D:11     | Received a gift from Okawaru
  5882 | D:11     | Got a smoking broad axe {god gift}
  5883 | D:11     | Noticed Psyche
  5883 | D:11     | Identified the +1 broad axe of Judgement {chop, rN+++ Dex+7 SInv} (Okawaru gifted it to you on level 11 of the Dungeon)
  5888 | D:11     | Killed Psyche
  6024 | D:12     | Noticed a hill giant
  6024 | D:12     | Noticed a hill giant
  6025 | D:12     | Noticed a deep elf mage
  6033 | D:12     | Killed a hill giant
  6036 | D:12     | Killed a deep elf mage
  6036 | D:12     | Reached skill level 5 in Dodging
  6036 | D:12     | Reached skill level 5 in Invocations
  6038 | D:12     | Killed a hill giant
  6100 | D:12     | Noticed a centaur warrior
  6119 | D:12     | Killed a centaur warrior
  6217 | D:12     | Reached skill level 16 in Axes
  6217 | D:12     | Reached XP level 12. HP: 104/104 MP: 15/15
  6272 | D:12     | Reached ****** piety under Okawaru
  6289 | D:12     | Found a staircase to the Orcish Mines.
  6298 | Orc:1    | Entered Level 1 of the Orcish Mines
  6439 | Orc:1    | Noticed Josephine
  6451 | Orc:1    | Noticed Erica
  6455 | Orc:1    | Killed Josephine
  6464 | Orc:1    | Killed Erica
  6544 | Orc:2    | Entered Level 2 of the Orcish Mines
  6713 | Orc:2    | Reached skill level 10 in Armour
  6901 | Orc:2    | Found a roughly hewn altar of Beogh.
  6951 | Orc:2    | Received a gift from Okawaru
  6951 | Orc:2    | Reached skill level 10 in Fighting
  7003 | Orc:2    | Found Daosadwonel's Distillery.
  7020 | Orc:2    | Bought a potion of heal wounds for 70 gold pieces
  7020 | Orc:2    | Bought a potion of heal wounds for 70 gold pieces
  7027 | Orc:2    | Found Gaotarel's Weapon Shoppe.
  7039 | Orc:2    | Received a gift from Okawaru
  7039 | Orc:2    | Reached skill level 17 in Axes
  7040 | Orc:2    | Got a fine executioner's axe {god gift}
  7046 | Orc:2    | Identified the +10 executioner's axe of a wizard's laboratory {antimagic, *Drain +Rage rN+ Int+2} (Okawaru gifted it to you on level 2 of the Orcish Mines)
  7432 | Orc:2    | Noticed an orc high priest
  7448 | Orc:2    | Killed an orc high priest
  7470 | Orc:2    | Noticed an orc warlord
  7483 | Orc:2    | Reached XP level 13. HP: 69/113 MP: 14/16
  7512 | Orc:2    | Killed an orc warlord
  7582 | Orc:2    | Found Hip Anak's General Store.
  7605 | Orc:2    | Found a roughly hewn altar of Beogh.
  7667 | Orc:2    | Received a gift from Okawaru
  7705 | Orc:2    | Found Dalutuc's Antique Weapon Boutique.
  7821 | Orc:2    | Found a staircase to the Elven Halls.
  7907 | Orc:2    | Bought a potion of agility for 56 gold pieces
  7907 | Orc:2    | Bought a potion of cancellation for 112 gold pieces
  7907 | Orc:2    | Bought a potion of curing for 42 gold pieces
  7907 | Orc:2    | Bought a potion of resistance for 140 gold pieces
  7907 | Orc:2    | Bought a potion of might for 56 gold pieces
  7907 | Orc:2    | Bought a potion of resistance for 140 gold pieces
  7907 | Orc:2    | Bought a potion of curing for 42 gold pieces
  7907 | Orc:2    | Bought a potion of flight for 42 gold pieces
  8163 | Lair:1   | Entered Level 1 of the Lair of Beasts
  8233 | Lair:1   | Gained mutation: You can translocate small distances at will. [potion of beneficial mutation]
  8486 | Lair:2   | Noticed unimpressed's ghost (journeyman DrFE)
  8502 | Lair:2   | Killed unimpressed's ghost
  8818 | Lair:4   | Reached skill level 18 in Axes
  8893 | Lair:3   | Found a hole to the Spider Nest.
  8912 | Lair:3   | Found a staircase to the Shoals.
  9157 | Lair:5   | Found a viscous altar of Jiyva.
  9157 | Lair:5   | Found a staircase to the Slime Pits.
  9237 | Lair:6   | Entered Level 6 of the Lair of Beasts
  9336 | Lair:6   | Received a gift from Okawaru
  9448 | Lair:6   | Reached XP level 14. HP: 120/125 MP: 18/18
  9529 | Lair:6   | Reached skill level 1 in Evocations
  9548 | Lair:6   | Slain by an eight-headed hydra

Skill      XL: |  1  2  3  4  5  6  7  8  9 10 11 12 13 14 |
---------------+-------------------------------------------+-----
Shields        | 4 5 6 7 |  7.6
Fighting       | 4 5 6 7 9 10 11 12 | 12.2
Axes           | 3 4 5 7 8 11 13 14 16 17 18 | 18.5
Armour         | 4 5 6 8 9 10 12 | 12.6
Invocations    | 2 4 5 6 |  6.8
Dodging        | 3 5 7 9 |  9.4
Evocations     | 1 |  1.0

Action                   |  1- 3 |  4- 6 |  7- 9 | 10-12 | 13-15 || total
-------------------------+-------+-------+-------+-------+-------++-------
Melee: War axe           |    80 |    96 |   325 |   249 |       ||   750
       Headbutt          |    13 |    13 |    54 |   146 |   106 ||   332
       Broad axe         |       |       |       |   334 |   338 ||   672
       Morningstar       |       |       |       |       |    11 ||    11
Throw: Javelin           |       |       |       |     2 |       ||     2
Invok: Heroism           |       |       |     3 |    13 |     7 ||    23
       Finesse           |       |       |       |     6 |     4 ||    10
 Abil: Blink             |       |       |       |       |     2 ||     2
Evoke: Wand              |       |       |       |     5 |     1 ||     6
       Rod               |       |       |       |       |     3 ||     3
  Use: Potion            |     2 |       |     1 |       |     3 ||     6
       Scroll            |       |     2 |     5 |     1 |     6 ||    14
  Eat: Chunk             |       |     1 |     6 |     8 |     5 ||    20
       Beef jerky        |       |     2 |     2 |     1 |     1 ||     6
       Meat ration       |       |       |     1 |       |       ||     1
Armor: Scale mail        |    26 |       |       |       |       ||    26
       Chain mail        |    14 |    49 |   141 |   143 |    72 ||   419
       Skin              |       |       |       |    10 |       ||    10
Dodge: Dodged            |    27 |    20 |    67 |   115 |   108 ||   337
Block: Shield            |    50 |    49 |   155 |   299 |   195 ||   748
